 Dungeon Crawl Stone Soup version 0.22.1-1-ga44c0e5 (webtiles) character file.

77 Fang the Skirmisher (level 4, -2/29 HPs)
             Began as a Gargoyle Berserker on Oct 15, 2018.
             Was a Follower of Trog.
             Slain by a worm (6 damage)
             ... on level 2 of the Dungeon.
             The game lasted 00:01:19 (1857 turns).

Fang the Skirmisher (Gargoyle Berserker)            Turns: 1857, Time: 00:01:20

Health: -2/29      AC:  5    Str: 22    XL:     4   Next: 34%
Magic:  4/4        EV: 12    Int:  1    God:    Trog [*.....]
Gold:   80         SH:  0    Dex:  9    Spells: 3/3 levels left

rFire    . . .     SeeInvis .   a - +0 hand axe
rCold    . . .     Gourm    .   (no shield)
rNeg     + . .     Faith    .   b - +0 animal skin
rPois    ∞         Spirit   .   (no helmet)
rElec    +         Reflect  .   (no cloak)
rCorr    .         Harm     .   (no gloves)
MR       .....                  (no boots)
Stlth    ..........             (no amulet)
HPRegen  0.09/turn              j - -6 ring of intelligence (curse)
MPRegen  0.09/turn              k - ring of attention (curse)

@: no status effects
A: negative energy resistance 1, electricity resistance, unbreathing,
petrification resistance, rot immunity, AC +3
a: Berserk, Renounce Religion


You were on level 2 of the Dungeon.
You worshipped Trog.
Trog was aware of your devotion.
You were very hungry.

You visited 1 branch of the dungeon, and saw 2 of its levels.

You collected 80 gold pieces.

Inventory:

Hand Weapons
 a - a +0 hand axe (weapon)
Armour
 b - a +0 animal skin (worn)
Jewellery
 j - a cursed -6 ring of intelligence (left hand)
 k - a cursed ring of attention (right hand)
Scrolls
 d - a scroll of enchant weapon {unknown}
 h - 4 scrolls of identify {unknown}
 i - a scroll of amnesia {unknown}
 n - 2 scrolls of blinking {unknown}
 o - a scroll of remove curse {unknown}
Potions
 e - 4 potions of brilliance {unknown}
 f - a potion of lignification {unknown}
 g - 2 potions of invisibility {unknown}
 l - a potion of curing {unknown}
Comestibles
 c - 4 rations


   Skills:
 + Level 3.9 Fighting
 + Level 3.6 Axes
 + Level 2.3 Armour
 + Level 2.2 Dodging
 + Level 0.3 Stealth


You had 3 spell levels left.
You didn't know any spells.
Your spell library was empty.

Dungeon Overview and Level Annotations

Branches:
Dungeon (2/15)

Altars:
Elyvilon


Innate Abilities, Weirdness & Mutations

You are resistant to torment.
Your stone body is resilient. (AC +3)
You are immune to poison.
You resist negative energy. (rN+)
You are resistant to electric shocks. (rElec)
You can survive without breathing.
You are immune to petrification.
You are immune to rotting.


Message History

You are too injured to fight recklessly!
You are too injured to fight recklessly!
You slash the worm!
The worm is severely wounded.
The worm barely misses you.
You hit the worm.
The worm is severely wounded.
You hit the worm.
The worm is severely wounded.
The worm misses you.
You barely miss the worm.
The worm is severely wounded.
The worm bites you!
* * * LOW HITPOINT WARNING * * *
You completely miss the worm.
The worm is severely wounded.
You hit the worm.
The worm is almost dead.
The worm bites you.
You die...

#.##.# ####
#.##.#######...
#.##...........
#.########.#### #.#
#.##.. #.# #.##.#
#.# #####.#.#
#####.# #........
#.@w..# #.#####.#
#.##### #.# #.. #.#
#.# #.# #.# #.# #.#
#.# #####.#####)#
#.# #...........#
#.# #.###.#....>.
#.#####.###.......#
#......(......###.#


You could see a worm.

Vanquished Creatures
  Terence (D:2)
  An adder (D:2)
  An ooze (D:1)
  A worm (D:2)
  2 leopard geckos
  6 bats
  A giant cockroach (D:1)
  A goblin (D:1)
  7 hobgoblins
  A ball python (D:1)
  3 frilled lizards (D:1)
  6 kobolds
  3 rats
34 creatures vanquished.

Notes
Turn   | Place    | Note
-------+----------+-------------------------------------------
     0 | D:1      | Fang the Gargoyle Berserker began the quest for the Orb.
     0 | D:1      | Reached XP level 1. HP: 14/14 MP: 1/1
   237 | D:1      | Reached XP level 2. HP: 19/19 MP: 2/2
   488 | D:1      | Reached XP level 3. HP: 13/24 MP: 3/3
  1334 | D:2      | Found a white marble altar of Elyvilon.
  1671 | D:2      | Noticed Terence
  1683 | D:2      | Killed Terence
  1683 | D:2      | Reached XP level 4. HP: 29/29 MP: 4/4
  1857 | D:2      | Slain by a worm

Skill      XL: |  1  2  3 |
---------------+----------+-----
Axes           | 3 |  3.6
Dodging        | 2 |  2.2
Fighting       | |  3.9
Armour         | |  2.3
Stealth        | |  0.3

Action                   |  1- 3 |  4- 6 || total
-------------------------+-------+-------++-------
Melee: Hand axe          |   128 |    16 ||   144
Invok: Berserk           |     2 |       ||     2
  Eat: Chunk             |     3 |     1 ||     4
Armor: Animal skin       |    42 |     1 ||    43
Dodge: Dodged            |    87 |     5 ||    92
